 Dungeon Crawl Stone Soup version 0.28.0 (webtiles) character file.

Game seed: 6839785387315408461

750 horus123 the Magician (level 7, 0/46 HPs)
             Began as a Demonspawn Fire Elementalist on Feb 18, 2022.
             Killed by divine providence
             ... invoked by an orc priest
              (15 damage)
             ... on level 4 of the Dungeon.
             The game lasted 00:10:57 (5808 turns).

horus123 the Magician (DsFE)                        Turns: 5808, Time: 00:10:58

Health: 0/46       AC:  2    Str:  9    XL:     7   Next: 48%
Magic:  2/16       EV: 14    Int: 18    God:
Gold:   177        SH:  0    Dex: 13    Spells: 11/18 levels left

rFire   . . .      SeeInvis .   i - +0 battleaxe
rCold   . . .      Faith    .   (shield currently unavailable)
rNeg    . . .      Spirit   .   a - +0 robe
rPois   .          Reflect  .   (helmet restricted)
rElec   .          Harm     .   (no cloak)
rCorr   .          Rampage  .   (no gloves)
Will    .....                   (no boots)
Stlth   ++........              (no amulet)
HPRegen 0.15/turn               (no ring)
MPRegen 0.15/turn               (no ring)

@: no status effects
A: horns 1, repulsion field 1, foul stench 1, powered by death 1
a: no special abilities


You were on level 4 of the Dungeon.
You visited 1 branch of the dungeon, and saw 4 of its levels.

You collected 177 gold pieces.

Inventory:

Hand Weapons
 e - a +1 short sword of freezing
 i - a +0 battleaxe (weapon)
Missiles
 f - 6 atropa-tipped darts
Armour
 a - a +0 robe (worn)
 d - a +0 tower shield
Scrolls
 b - a scroll of identify
 g - a scroll of immolation
Potions
 h - a potion of curing {unknown}
 j - a potion of ambrosia {unknown}


   Skills:
 - Level 1.7 Dodging
 - Level 1.7 Stealth
 - Level 6.4 Spellcasting
 - Level 1.0 Conjurations
 + Level 5.2 Fire Magic


You had 11 spell levels left.
You knew the following spells:

 Your Spells              Type           Power      Damage    Failure   Level
a - Foxfire               Conj/Fire      68%        2x1d7     3%          1
b - Scorch                Fire           48%        2d7       1%          2
c - Flame Wave            Conj/Fire      17%        2d6       30%         4

Your spell library contained the following spells:

 Spells                   Type           Power      Damage    Failure   Level
 Conjure Flame            Conj/Fire      17%        6-21      10%         3
 Inner Flame              Hex/Fire       15%        N/A       12%         3
 Ozocubu's Armour         Ice            5%         N/A       34%         3
 Metabolic Englaciation   Hex/Ice        2%         N/A       97%         5
 Simulacrum               Ice/Necr       2%         N/A       100%        6


Dungeon Overview and Level Annotations

Branches:
Dungeon (4/15)             Temple (0/1) D:4

Altars:
Hepliaklqana

Shops:
D:1 =![

Annotations:
D:2 1 runed translucent door, Crazy Yiuf


Innate Abilities, Weirdness & Mutations

You have a pair of small horns on your head.
You are surrounded by a mild repulsion field. (EV +2)
You may rarely emit foul miasma when damaged in melee.
You regenerate a little health from kills.


Message History

The orc priest begins to cast a cantrip, but forgets the words!
You hit the orc. Your headbutt misses the orc.
The orc is heavily wounded.
The orc misses you.
You barely miss the orc.
The orc is heavily wounded.
The orc hits you with a +0 whip. The orc misses you.
You closely miss the orc.
The orc is heavily wounded.
You barely miss the orc priest. You slash the orc!
You kill the orc!
The orc priest hits you with a +0 flail.
The orc barely misses you. The orc priest barely misses you.
Unknown command.
Casting: Scorch (safe; 1% risk of failure)
Press: ? - help, Q - select action, (/) - cycle Dir - look around, f - activate Flames lash the orc.
You kill the orc!
The orc priest looks braver for a moment.
You barely miss the orc priest.
The orc priest is moderately wounded.
The orc priest barely misses you. The orc priest closely misses you.
You hit the orc priest but do no damage.
The orc priest is moderately wounded.
You closely miss the adder skeleton.
The adder skeleton completely misses you.
The orc priest misses you. The adder skeleton bites you.
You closely miss the orc priest.
The orc priest is moderately wounded.
You slash the adder skeleton! The orc priest barely misses you.
The adder skeleton misses you.
The orc priest hits you with a +0 flail.
The adder skeleton bites you.
You hit the adder skeleton.
The adder skeleton is almost destroyed.
You slash the orc priest! The adder skeleton bites you.
You emit a cloud of foul miasma!
The orc priest mumbles some strange prayers to Beogh against you.
Beogh smites you!
You die...

#..# ##.......#....
.......
#...##...#...##.....# .#
.......
#..†..###..##.....##.#
...... #..#.[>.###.....
...#.. ## ##....##...#.
....# # #. #...##....#
...##.. #.
#..##.....###.......
#.###.#........#).......
#..#..)........)@.......
##...#####..####oZ......
#...####)..## #........
#...#..#.... #........ .
#).)......... #....$...
. ...o..##.....$
#.....##. .
..........##.........# .
....o...## .......... .
.....o.## .


You could see an orc priest and an adder skeleton.

Vanquished Creatures
  Eustachio (D:4)
  A centaur (D:3)
  2 hounds (D:4)
  3 jellies (D:3)
  An orc priest (D:3)
  Natasha (twice) (D:2)
  Terence (D:2)
  3 orc wizards
  7 gnolls (D:2)
  3 adders (D:3)
  An ufetubus (D:4)
  5 worms
  A dart slug (D:1)
  15 orcs
  3 ball pythons
  16 endoplasms
  4 giant cockroaches
  4 goblins
  4 hobgoblins
  2 jackals (D:4)
  A quokka (D:4)
  2 bats
  3 frilled lizards
  13 kobolds
  6 rats
104 creatures vanquished.

Vanquished Creatures (others)
  52 foxfires
  6 fungi (D:3)
  8 plants (D:3)
  11 toadstools (D:3)
77 creatures vanquished.

Grand Total: 181 creatures vanquished

Notes
Turn   | Place    | Note
-------+----------+-------------------------------------------
     0 | D:1      | horus123 the Demonspawn Fire Elementalist began the quest
                  | for the Orb.
     0 | D:1      | Reached XP level 1. HP: 13/13 MP: 3/3
   328 | D:1      | Gained mutation: You regenerate a little health from kills.
                  | [demonic ancestry]
   328 | D:1      | Reached XP level 2. HP: 19/19 MP: 1/5
   428 | D:1      | Learned a level 2 spell: Scorch
   436 | D:1      | Found Wuergh's Jewellery Shop.
   543 | D:1      | Found Litolef's Distillery.
   574 | D:1      | Found Zizuosho's Antique Armour Shoppe.
   610 | D:1      | Found a faded altar of an unknown god.
   878 | D:1      | Reached skill level 3 in Spellcasting
  1439 | D:2      | Gained mutation: You may rarely emit foul miasma when
                  | damaged in melee. [demonic ancestry]
  1439 | D:2      | Reached XP level 3. HP: 19/24 MP: 2/8
  1606 | D:2      | Reached skill level 4 in Spellcasting
  1716 | D:2      | Gained mutation: You have a pair of small horns on your
                  | head. [demonic ancestry]
  1716 | D:2      | Reached XP level 4. HP: 30/30 MP: 5/10
  1860 | D:2      | Found a runed translucent door.
  1861 | D:2      | Noticed Crazy Yiuf
  1906 | D:2      | Noticed Natasha
  1912 | D:2      | Killed Natasha
  2141 | D:2      | Noticed Terence
  2159 | D:2      | Killed Terence
  2570 | D:2      | Gained mutation: You are surrounded by a mild repulsion
                  | field. (EV +2) [demonic ancestry]
  2570 | D:2      | Reached XP level 5. HP: 31/35 MP: 4/12
  2631 | D:2      | Noticed Natasha
  2635 | D:2      | Killed Natasha
  2636 | D:2      | Reached skill level 5 in Spellcasting
  2850 | D:3      | Noticed a centaur
  2855 | D:3      | Killed a centaur
  3048 | D:3      | Found a hazy altar of Hepliaklqana.
  3127 | D:3      | Reached XP level 6. HP: 41/41 MP: 2/14
  3334 | D:3      | Reached skill level 6 in Spellcasting
  4080 | D:3      | HP: 2/41 [something/magic dart (7)]
  5392 | D:4      | Reached XP level 7. HP: 36/46 MP: 7/16
  5457 | D:4      | Learned a level 4 spell: Flame Wave
  5597 | D:4      | Found a staircase to the Ecumenical Temple.
  5659 | D:4      | Noticed Eustachio
  5670 | D:4      | Killed Eustachio
  5784 | D:4      | Reached skill level 5 in Fire Magic
  5808 | D:4      | Killed from afar by an orc priest

Illustrated notes

Levels and vault maps discovered:
D:1:      dpeg_arrival_arbitrary_b, layout_basic, serial_shops, shop, shop,
          nicolae_shop_crystal, shapermc_ecumenical_altar_petra
D:2:      layout_loops_ring, chequers_serial_rivers_room_a, uniq_terence,
          uniq_crazy_yiuf_cottage, uniq_natasha
D:3:      cheibrodos_fertilizer, layout_loops_ring,
          nicolae_hepliaklqana_hazy_memory
D:4:      layout_cave_pools, minmay_temple_entry_wispy, uniq_eustachio

Skill      XL: |  1  2  3  4  5  6  7 |
---------------+----------------------+-----
Spellcasting   | 3 4 5 6 |  6.4
Fire Magic     | 3 5 |  5.2
Dodging        | |  1.7
Stealth        | |  1.7
Conjurations   | |  1.0

Action                   |  1- 3 |  4- 6 |  7- 9 || total
-------------------------+-------+-------+-------++-------
Melee: Dagger            |       |     3 |       ||     3
       Short sword       |       |    11 |       ||    11
       Headbutt          |       |     1 |     1 ||     2
       Battleaxe         |       |       |    11 ||    11
 Cast: Foxfire           |    31 |     1 |       ||    32
       Scorch            |    18 |    96 |    20 ||   134
  Use: Scroll            |     3 |     3 |       ||     6
       Potion            |       |       |     1 ||     1
Armor: Robe              |     3 |     4 |     2 ||     9
Dodge: Dodged            |     7 |    28 |    31 ||    66
